 Dungeon Crawl Stone Soup version 0.17.1-3-g152610e (webtiles) character file.

159 Heskey the Shooter (level 5, 0/47 HPs)
             Began as a Minotaur Hunter on Apr 7, 2016.
             Was an Initiate of Makhleb.
             Slain by an orc
             ... wielding a +0 flail
              (6 damage)
             ... on level 3 of the Dungeon.
             The game lasted 00:02:49 (1662 turns).

Heskey the Shooter (Minotaur Hunter)                Turns: 1662, Time: 00:02:49

Health: 0/47       AC: 10    Str: 18    XL:     5   Next: 17%
Magic:  4/4        EV:  7    Int:  8    God:    Makhleb [......]
Gold:   164        SH:  0    Dex: 10    Spells: 0 memorised, 4 levels left

rFire  . . .     SeeInvis .     j - +0 mace
rCold  . . .     Clarity  .     f - +0 chain mail
rNeg   . . .     SustAt   .     (no shield)
rPois  .         Gourm    .     (helmet restricted)
rElec  .         Spirit   .     n - +0 cloak
rCorr  .         Warding  .     (no gloves)
rMut   .         Stasis   .     (no boots)
MR     .....                    (no amulet)
Stlth  ..........               (no ring)
                                (no ring)

@: lethally poisoned (0 -> -2), not resistant to hostile enchantments, extremely
unstealthy
A: retaliatory headbutt, horns 2
a: Renounce Religion


You were on level 3 of the Dungeon.
You worshipped Makhleb.
Makhleb was noncommittal.
You were not hungry.

You visited 1 branch of the dungeon, and saw 3 of its levels.

You collected 164 gold pieces.

Inventory:

Hand Weapons
 a - a +1 shortbow
 j - a +0 mace (weapon)
Missiles
 d - 62 arrows
 k - 15 arrows of frost
Armour
 f - a +0 chain mail (worn)
 n - a +0 cloak (worn)
Jewellery
 c - a cursed -3 ring of strength {unknown}
Scrolls
 g - a scroll of immolation
 i - a scroll of fear {unknown}
 o - a scroll of identify
Potions
 b - a potion of magic {unknown}
 h - 2 potions of flight {unknown}
 l - a potion of might {unknown}
 p - a potion of curing {unknown}
 s - 2 potions of brilliance {unknown}
Comestibles
 e - a bread ration
 m - 3 meat rations
 q - a beef jerky


   Skills:
 * Level 4.9 Fighting
 + Level 0.2 Maces & Flails
 + Level 5.0 Bows
 * Level 2.9 Armour
 - Level 2.1 Dodging
 - Level 0.7 Stealth


You had 4 spell levels left.
You didn't know any spells.

Dungeon Overview and Level Annotations

Branches:
Dungeon (3/15)

Altars:
Cheibriados
Makhleb


Innate Abilities, Weirdness & Mutations

You reflexively headbutt those who attack you in melee.
You have a pair of horns on your head.


Message History

You furiously retaliate!
You headbutt the bat.
You kill the bat!
Makhleb accepts your kill. The orc wizard closely misses you.
The orc wizard gestures wildly while chanting.
The orc wizard blinks!
The orc hits you but does no damage.
You closely miss the orc.
You feel sick.
The orc wizard gestures wildly while chanting.
The orc wizard blinks!
The orc hits you but does no damage.
Your chain mail prevents you from hitting the orc.
You feel sick.
The orc wizard points at you and mumbles some strange words.
The magic dart hits you! The orc hits you with a flail.
The orc wizard gestures at you while chanting.
The magic dart hits you!
* * * LOW HITPOINT WARNING * * *
The orc hits you with a flail.
* * * LOW HITPOINT WARNING * * *
You closely miss the orc. The orc hits you with a flail.
You die...

..#$... .<..
#.#.........
..... ?.... ..
$......o..
....##..#......
........#.§....
# #........ #..
#.†......
#...###@o......
#.>....########
###.).....#
#######.# #.#
#.# #.#########
#........<#
###########


You could see an orc wizard and an orc.

Vanquished Creatures
  A hound (D:2)
  An orc priest (D:3)
  3 gnolls (D:2)
  4 adders (D:2)
  A giant gecko (D:2)
  An orc (D:3)
  3 giant cockroaches
  3 goblins (D:1)
  2 hobgoblins (D:2)
  2 ball pythons (D:1)
  10 bats
  2 giant newts
  5 jackals (D:1)
  5 kobolds
  6 rats
49 creatures vanquished.

Notes
Turn   | Place    | Note
--------------------------------------------------------------
     0 | D:1      | Heskey the Minotaur Hunter began the quest for the Orb.
     0 | D:1      | Reached XP level 1. HP: 18/18 MP: 0/0
   194 | D:1      | Reached XP level 2. HP: 21/26 MP: 1/1
   463 | D:1      | Reached skill level 1 in Armour
   619 | D:2      | Reached XP level 3. HP: 25/33 MP: 2/2
   991 | D:2      | Found a snail-covered altar of Cheibriados.
  1064 | D:2      | Reached XP level 4. HP: 18/40 MP: 3/3
  1403 | D:2      | Found a burning altar of Makhleb.
  1414 | D:2      | Reached skill level 5 in Bows
  1497 | D:2      | Became a worshipper of Makhleb the Destroyer
  1654 | D:3      | Reached XP level 5. HP: 24/47 MP: 4/4
  1662 | D:3      | Slain by an orc

Action                   |  1- 3 |  4- 6 || total
-------------------------+-------+-------++-------
Melee: Short sword       |    37 |       ||    37
       Mace              |    60 |    51 ||   111
  Use: Scroll            |     2 |       ||     2
  Eat: Chunk             |       |     3 ||     3
